TOP OF THE 1ST |
Tennessee Smokies batting - Pitching for Reading Fightin Phils : LHP Taylor Sightler
|
Pitching: LHP Taylor Sightler
|
|
Batting: LHB Brent Dutcher
|
0-0: Ball 1-0: Fly out, F7 (Line Drive, 7, EV 86.9 MPH)
|
Batting: RHB Adam Kelliher
|
0-0: Ball 1-0: Called Strike 1-1: Foul Ball, location: 2F 1-2: Fly out, F9 (Flyball, 89M, EV 78.8 MPH)
|
Batting: RHB Heitaro Tanaka
|
0-0: Called Strike 0-1: Ball 1-1: Ball 2-1: SINGLE (Groundball, 6D, EV 97.5 MPH)
|
Batting: RHB Heef Harted
|
0-0: Called Strike 0-1: Swinging Strike 0-2: Strikes out swinging
|
Top of the 1st over - 0 runs, 1 hit, 0 errors, 1 left on base; Tennessee 0 - Reading 0 |
BOTTOM OF THE 1ST |
Reading Fightin Phils batting - Pitching for Tennessee Smokies : RHP Rashid bin Ala'
|
Pitching: RHP Rashid bin Ala'
|
|
Batting: RHB Matt Strong
|
0-0: Fly out, F8 (Flyball, 78M, EV 81.2 MPH)
|
Batting: LHB Danny Hill
|
0-0: Ball 1-0: Ground out 6-3 (Groundball, 56, EV 97.5 MPH)
|
Batting: SHB Lance Franklin
|
0-0: Ball 1-0: Ball 2-0: Ball 3-0: Called Strike 3-1: Swinging Strike 3-2: Base on Balls
|
Batting: RHB Kory Sanchez
|
0-0: Ball Lance Franklin steals 2nd base 1-0: Ball 2-0: Ground out 4-3 (Groundball, 4, EV 82.5 MPH)
|
Bottom of the 1st over - 0 runs, 0 hits, 0 errors, 1 left on base; Tennessee 0 - Reading 0 |
TOP OF THE 2ND |
Tennessee Smokies batting - Pitching for Reading Fightin Phils : LHP Taylor Sightler
|
Batting: LHB Brian Newton
|
0-0: DOUBLE (Line Drive, 7LS, EV 110.0 MPH)
|
Batting: SHB Rich Ranaldi
|
0-0: Called Strike 0-1: Ball 1-1: DOUBLE (Line Drive, 78XD, EV 104.4 MPH) Brian Newton scores
|
Batting: RHB John Iddings
|
0-0: Called Strike 0-1: Ball 1-1: Called Strike 1-2: SINGLE (Groundball, 6MD, EV 99.4 MPH) Rich Ranaldi to third
|
Batting: RHB Sean Espejo
|
0-0: Grounds into double play, 6-4-3 (Groundball, 6S, EV 82.5 MPH) Rich Ranaldi scores
|
Batting: RHB Vij Ramamani
|
0-0: Ball 1-0: Foul Ball, location: 2F 1-1: Called Strike 1-2: Foul Ball, location: 2F 1-2: Strikes out swinging
|
Top of the 2nd over - 2 runs, 3 hits, 0 errors, 0 left on base; Tennessee 2 - Reading 0 |
BOTTOM OF THE 2ND |
Reading Fightin Phils batting - Pitching for Tennessee Smokies : RHP Rashid bin Ala'
|
Batting: LHB Chris Fandino
|
0-0: Ball 1-0: Ball 2-0: Foul Ball, location: 2F 2-1: Called Strike 2-2: Foul Ball, location: 2F 2-2: Fly out, F7 (Flyball, 7LD, EV 90.6 MPH)
|
Batting: RHB Austin Wiebe
|
0-0: Ball 1-0: Called Strike 1-1: Ball 2-1: DOUBLE (Line Drive, 8LXD, EV 105.0 MPH)
|
Batting: LHB Darrell Ortega
|
0-0: Foul Ball, location: 2F 0-1: Ball Wild Pitch! Austin Wiebe to third 1-1: SINGLE (Line Drive, 4D, EV 98.1 MPH) Austin Wiebe scores
|
Batting: LHB Jose Fierro
|
0-0: Called Strike 0-1: Fly out, F7 (Line Drive, 7D, EV 97.5 MPH)
|
Batting: RHB Gary Hills
|
0-0: Ball 1-0: Ball 2-0: Called Strike 2-1: Ball 3-1: Foul Ball, location: 2F 3-2: DOUBLE (Line Drive, 5D, EV 105.6 MPH) Darrell Ortega to third Darrell Ortega scores
|
Batting: RHB Matt Strong
|
0-0: Swinging Strike 0-1: Ball 1-1: Ball 2-1: Ground out 6-3 (Groundball, 56, EV 85.0 MPH)
|
Bottom of the 2nd over - 2 runs, 3 hits, 0 errors, 1 left on base; Tennessee 2 - Reading 2 |
TOP OF THE 3RD |
Tennessee Smokies batting - Pitching for Reading Fightin Phils : LHP Taylor Sightler
|
Batting: LHB Brent Dutcher
|
0-0: Ball 1-0: Called Strike 1-1: Ground out 6-3 (Groundball, 6S, EV 70.6 MPH)
|
Batting: RHB Adam Kelliher
|
0-0: Swinging Strike 0-1: Swinging Strike 0-2: Foul Ball, location: 2F 0-2: Fly out, F9 (Flyball, 9D, EV 81.9 MPH)
|
Batting: RHB Heitaro Tanaka
|
0-0: Called Strike 0-1: Called Strike 0-2: Ball 1-2: Ball 2-2: Ball 3-2: Base on Balls
|
Batting: RHB Heef Harted
|
0-0: Swinging Strike 0-1: Ball 1-1: Called Strike 1-2: Ball 2-2: Strikes out looking
|
Top of the 3rd over - 0 runs, 0 hits, 0 errors, 1 left on base; Tennessee 2 - Reading 2 |
BOTTOM OF THE 3RD |
Reading Fightin Phils batting - Pitching for Tennessee Smokies : RHP Rashid bin Ala'
|
Batting: LHB Danny Hill
|
0-0: Called Strike 0-1: Fly out, F8 (Flyball, 8LM, EV 84.4 MPH)
|
Batting: SHB Lance Franklin
|
0-0: Called Strike 0-1: DOUBLE (Line Drive, 78M, EV 96.2 MPH)
|
Batting: RHB Kory Sanchez
|
0-0: Ball 1-0: Called Strike 1-1: SINGLE (Groundball, 56D, EV 101.9 MPH) Lance Franklin to third Runner from 3rd tries for Home, throw by LF and OUT! 7-2
|
Batting: LHB Chris Fandino
|
0-0: Foul Ball, location: 2F 0-1: Ball 1-1: Foul Ball, location: 2F 1-2: Foul Ball, location: 2F 1-2: Ball 2-2: Strikes out swinging
|
Bottom of the 3rd over - 0 runs, 2 hits, 0 errors, 1 left on base; Tennessee 2 - Reading 2 |
TOP OF THE 4TH |
Tennessee Smokies batting - Pitching for Reading Fightin Phils : LHP Taylor Sightler
|
Batting: LHB Brian Newton
|
0-0: Ground out 5-3 (Groundball, 5L, EV 88.8 MPH)
|
Batting: SHB Rich Ranaldi
|
0-0: Ball 1-0: Ball 2-0: Ball 3-0: Called Strike 3-1: Base on Balls
|
Batting: RHB John Iddings
|
0-0: Called Strike 0-1: Ball 1-1: Ball 2-1: Grounds into double play, 5-4-3 (Groundball, 56, EV 106.2 MPH)
|
Top of the 4th over - 0 runs, 0 hits, 0 errors, 0 left on base; Tennessee 2 - Reading 2 |
BOTTOM OF THE 4TH |
Reading Fightin Phils batting - Pitching for Tennessee Smokies : RHP Rashid bin Ala'
|
Batting: RHB Austin Wiebe
|
0-0: Fly out, F7 (Flyball, 7, EV 78.1 MPH)
|
Batting: LHB Darrell Ortega
|
0-0: Ball 1-0: Swinging Strike 1-1: Ground out 4-3 (Groundball, 4S, EV 57.5 MPH)
|
Batting: LHB Jose Fierro
|
0-0: Ground out U3 (Groundball, 3, EV 103.8 MPH)
|
Bottom of the 4th over - 0 runs, 0 hits, 0 errors, 0 left on base; Tennessee 2 - Reading 2 |
TOP OF THE 5TH |
Tennessee Smokies batting - Pitching for Reading Fightin Phils : LHP Taylor Sightler
|
Batting: RHB Sean Espejo
|
0-0: Ball 1-0: Swinging Strike 1-1: Called Strike 1-2: Ball 2-2: Foul Ball, location: 2F 2-2: Foul Ball, location: 2F 2-2: Strikes out swinging
|
Batting: RHB Vij Ramamani
|
0-0: Foul Ball, location: 2F 0-1: SOLO HOME RUN (Flyball, 7D, EV 96.2 MPH), Distance : 366 ft
|
Batting: LHB Brent Dutcher
|
0-0: Ground out U3 (Groundball, 34, EV 85.0 MPH)
|
Batting: RHB Adam Kelliher
|
0-0: Called Strike 0-1: Fly out, F5 (Popup, 5SF, EV 83.8 MPH)
|
Top of the 5th over - 1 run, 1 hit, 0 errors, 0 left on base; Tennessee 3 - Reading 2 |
BOTTOM OF THE 5TH |
Reading Fightin Phils batting - Pitching for Tennessee Smokies : RHP Rashid bin Ala'
|
Batting: RHB Gary Hills
|
0-0: Called Strike 0-1: Fly out, F8 (Flyball, 8LXD, EV 96.9 MPH)
|
Batting: RHB Matt Strong
|
0-0: Called Strike 0-1: Fly out, F3 (Line Drive, 3, EV 71.2 MPH)
|
Batting: LHB Danny Hill
|
0-0: Ball 1-0: Ball 2-0: Ball 3-0: Called Strike 3-1: Base on Balls
|
Batting: SHB Lance Franklin
|
0-0: Foul Ball, location: 2F 0-1: Ball 1-1: Ball Danny Hill steals 2nd base 2-1: Foul Ball, location: 2F 2-2: Strikes out swinging
|
Bottom of the 5th over - 0 runs, 0 hits, 0 errors, 1 left on base; Tennessee 3 - Reading 2 |
TOP OF THE 6TH |
Tennessee Smokies batting - Pitching for Reading Fightin Phils : LHP Taylor Sightler
|
Batting: RHB Heitaro Tanaka
|
0-0: Ball 1-0: Called Strike 1-1: Foul Ball, location: 2F 1-2: Ball 2-2: Ground out 5-3 (Groundball, 56, EV 86.9 MPH)
|
Batting: RHB Heef Harted
|
0-0: Called Strike 0-1: Ball 1-1: Ball 2-1: Foul Ball, location: 2F 2-2: Strikes out swinging
|
Batting: LHB Brian Newton
|
0-0: Ground out U3 (Groundball, 3L, EV 105.6 MPH)
|
Top of the 6th over - 0 runs, 0 hits, 0 errors, 0 left on base; Tennessee 3 - Reading 2 |
BOTTOM OF THE 6TH |
Reading Fightin Phils batting - Pitching for Tennessee Smokies : RHP Rashid bin Ala'
|
Batting: RHB Kory Sanchez
|
0-0: Ball 1-0: Swinging Strike 1-1: Called Strike 1-2: Strikes out swinging
|
Batting: LHB Chris Fandino
|
0-0: Ball 1-0: Ball 2-0: Ball 3-0: Base on Balls
|
Batting: RHB Austin Wiebe
|
0-0: Grounds into double play, 5-4-3 (Groundball, 56, EV 94.4 MPH)
|
Bottom of the 6th over - 0 runs, 0 hits, 0 errors, 0 left on base; Tennessee 3 - Reading 2 |
TOP OF THE 7TH |
Tennessee Smokies batting - Pitching for Reading Fightin Phils : LHP Taylor Sightler
|
Batting: SHB Rich Ranaldi
|
0-0: Foul Ball, location: 2F 0-1: Ball 1-1: Called Strike 1-2: Foul Ball, location: 2F 1-2: Ball 2-2: Ground out 6-3 (Groundball, 6, EV 81.2 MPH)
|
Batting: RHB John Iddings
|
0-0: Ball 1-0: Ground out U3 (Groundball, 34, EV 86.2 MPH)
|
Batting: RHB Sean Espejo
|
0-0: Called Strike 0-1: Ball 1-1: Foul Ball, location: 2F 1-2: Ball 2-2: Ground out 6-3 (Groundball, 6M, EV 105.6 MPH)
|
Top of the 7th over - 0 runs, 0 hits, 0 errors, 0 left on base; Tennessee 3 - Reading 2 |
BOTTOM OF THE 7TH |
Reading Fightin Phils batting - Pitching for Tennessee Smokies : RHP Rashid bin Ala'
|
Batting: LHB Darrell Ortega
|
0-0: Ball 1-0: Called Strike 1-1: Swinging Strike 1-2: Ground out 5-3 (Groundball, 5L, EV 86.2 MPH)
|
Batting: LHB Jose Fierro
|
0-0: Ball 1-0: Ball 2-0: Called Strike 2-1: Ground out 5-3 (Groundball, 56S, EV 77.5 MPH)
|
Batting: RHB Gary Hills
|
0-0: SINGLE (Groundball, 6MD, EV 100.0 MPH)
|
Batting: RHB Matt Strong
|
0-0: Ball 1-0: Ball 2-0: Ball 3-0: Base on Balls Gary Hills to second
|
Batting: LHB Danny Hill
|
0-0: Called Strike 0-1: Ball 1-1: Foul Ball, location: 2F 1-2: SINGLE (Groundball, 56D, EV 111.2 MPH) Gary Hills to third Matt Strong to second Runner from 3rd tries for Home, SAFE, throw by LF to home
|
Batting: SHB Lance Franklin
|
0-0: Ball 1-0: Called Strike 1-1: Ball 2-1: Ball 3-1: Base on Balls Matt Strong to third Danny Hill to second
|
Batting: RHB Kory Sanchez
|
0-0: Ball 1-0: Called Strike 1-1: Foul Ball, location: 2F 1-2: Ball 2-2: Foul Ball, location: 2F 2-2: SINGLE (Groundball, 6MD, EV 94.4 MPH) Matt Strong scores Danny Hill to third Lance Franklin to second Runner from 3rd tries for Home, SAFE, throw by CF to home
|
Pitching: RHP Bob Gilliam
|
|
Batting: LHB Chris Fandino
|
0-0: Foul Ball, location: 2F 0-1: Swinging Strike 0-2: Ball 1-2: Strikes out swinging
|
Bottom of the 7th over - 3 runs, 3 hits, 0 errors, 2 left on base; Tennessee 3 - Reading 5 |
TOP OF THE 8TH |
Tennessee Smokies batting - Pitching for Reading Fightin Phils : LHP Taylor Sightler
|
Pitching: RHP Jaylen Johnson
|
|
Batting: RHB Vij Ramamani
|
0-0: Foul Ball, location: 2F 0-1: Foul Ball, location: 2F 0-2: Ground out U3 (Groundball, 34S, EV 78.1 MPH)
|
Batting: LHB Brent Dutcher
|
0-0: Called Strike 0-1: Swinging Strike 0-2: Ball 1-2: Foul Ball, location: 2F 1-2: Foul Ball, location: 2F 1-2: Strikes out swinging
|
Batting: RHB Adam Kelliher
|
0-0: SINGLE (Line Drive, 8RS, EV 103.8 MPH)
|
Batting: RHB Heitaro Tanaka
|
0-0: Foul Ball, location: 2F 0-1: Ball 1-1: Ball 2-1: SINGLE (Line Drive, 7S, EV 93.8 MPH) Adam Kelliher to second
|
Batting: RHB Heef Harted
|
0-0: Ground out 3-1 (Groundball, 34, EV 104.4 MPH)
|
Top of the 8th over - 0 runs, 2 hits, 0 errors, 2 left on base; Tennessee 3 - Reading 5 |
BOTTOM OF THE 8TH |
Reading Fightin Phils batting - Pitching for Tennessee Smokies : RHP Bob Gilliam
|
Batting: RHB Austin Wiebe
|
0-0: Ball 1-0: Ball 2-0: Ball 3-0: Called Strike 3-1: Foul Ball, location: 2F 3-2: Ground out 4-3 (Groundball, 4, EV 81.9 MPH)
|
Batting: LHB Darrell Ortega
|
0-0: SINGLE (Flyball, 78S, EV 85.6 MPH)
|
Batting: LHB Jose Fierro
|
0-0: Ball 1-0: Ball 2-0: 2-RUN HOME RUN (Line Drive, 7D, EV 96.2 MPH), Distance : 367 ft
|
Batting: RHB Gary Hills
|
0-0: Ball 1-0: Ball 2-0: Ball 3-0: Base on Balls
|
Pitching: LHP Nate George
|
|
Batting: RHB Matt Strong
|
0-0: Grounds into double play, 4-6-3 (Groundball, 34, EV 83.8 MPH)
|
Bottom of the 8th over - 2 runs, 2 hits, 0 errors, 0 left on base; Tennessee 3 - Reading 7 |
TOP OF THE 9TH |
Tennessee Smokies batting - Pitching for Reading Fightin Phils : RHP Jaylen Johnson
|
Pitching: LHP Josh Turner
|
|
Batting: LHB Brian Newton
|
0-0: Ground out 1-3 (Groundball, 13S, EV 70.0 MPH)
|
Batting: SHB Rich Ranaldi
|
0-0: Ground out 4-3 (Groundball, 4, EV 101.9 MPH)
|
Batting: RHB John Iddings
|
0-0: Ball 1-0: Ground out 3-1 (Groundball, 34S, EV 80.6 MPH)
|
Top of the 9th over - 0 runs, 0 hits, 0 errors, 0 left on base; Tennessee 3 - Reading 7 |
|